 Dungeon Crawl Stone Soup version 0.30.0-29-ga12c61a403 (webtiles) character file.

Game seed: 1103128514980786067

195 cdecastro the Caller (level 5, 0/35 HPs)
             Began as a Merfolk Summoner on June 19, 2023.
             Slain by a vampire bat (1 damage)
             ... on level 3 of the Dungeon.
             The game lasted 00:05:55 (2941 turns).

cdecastro the Caller (Merfolk Summoner)             Turns: 2941, Time: 00:05:56

Health: 0/35       AC:  4    Str:  8    XL:     5   Next: 74%
Magic:  3/8        EV: 12    Int: 17    God:
Gold:   120        SH:  0    Dex: 14    Spells: 2/8 levels left

rFire   . . .        j - +0 spear
rCold   . . .        (no shield)
rNeg    . . .        a - +0 robe
rPois   .            (no helmet)
rElec   .            (no cloak)
rCorr   .            c - +1 pair of gloves
SInv    .            (no boots)
Will    .....        (no amulet)
Stlth   ++           (no ring)
HPRegen 0.25/turn    (no ring)
MPRegen 0.11/turn

%: no passive effects
@: no status effects
A: (nimble swimmer 2), mertail
a: no special abilities


You were on level 3 of the Dungeon.
You visited 1 branch of the dungeon, and saw 3 of its levels.

You collected 120 gold pieces.

Inventory:

Hand Weapons
 j - a +0 spear (weapon)
Armour
 a - a +0 robe (worn)
 c - a +1 pair of gloves (worn)
 s - the +1 ring mail of Urhiopp {Stlth+}
   (You found it on level 2 of the Dungeon)

   Stlth:     It makes you more stealthy.
Jewellery
 e - an amulet of faith
Wands
 p - a wand of iceblast (9)
 t - a wand of charming (2)
Scrolls
 i - 2 scrolls of identify {unknown}
 k - 2 scrolls of teleportation {unknown}
 l - a scroll of enchant weapon {unknown}
 n - 3 scrolls of fog {unknown}
 q - 3 scrolls of noise {unknown}
 u - a scroll of silence {unknown}
Potions
 b - a potion of magic
 d - a potion of heal wounds {unknown}
 f - 2 potions of invisibility {unknown}
 g - a potion of berserk rage {unknown}
 h - a potion of attraction {unknown}
 m - 2 potions of curing {unknown}
 o - a potion of degeneration {unknown}
 r - a potion of resistance {unknown}
 v - a potion of flight {unknown}


   Skills:
 - Level 2.6 Dodging
 - Level 2.1 Stealth
 - Level 2.0 Spellcasting
 + Level 6.8 Summonings


You had 2 spell levels left.
You knew the following spells:

 Your Spells              Type           Power      Damage    Failure   Level
a - Summon Small Mammal   Summ           96%        N/A       1%          1
b - Call Imp              Summ           48%        N/A       1%          2
c - Call Canine Familiar  Summ           24%        N/A       3%          3

Your spell library contained the following spells:

 Spells                   Type           Power      Damage    Failure   Level
 Cigotuvi's Dreadful Rot  Necr/Pois/Air  2%         N/A       28%         2
 Summon Guardian Golem    Hex/Summ       13%        N/A       14%         3
 Summon Lightning Spire   Summ/Air       13%        N/A       43%         4
 Ignite Poison            Fire/Tmut/Pois 1%         N/A       50%         3
 Freezing Cloud           Conj/Ice/Air   0%         6-21      99%         5


Dungeon Overview and Level Annotations

Branches:
Dungeon (3/15)

Altars:
Kikubaaqudgha
Makhleb
Ru


Innate Abilities, Weirdness & Mutations

((You are very nimble when in or above water. (Stealth+, EV+, Speed+++)))
Your lower body shifts to a powerful aquatic tail in water.


Message History

The vampire bat is destroyed!
The vampire bat attacks as you move away!
The vampire bat closely misses you. The vampire bat barely misses you.
The vampire bat bites you but does no damage.
Unknown command.
The vampire bat attacks as you move away!
The vampire bat misses you.
Your hound disappears in a puff of smoke!
The vampire bat bites you but does no damage.
Your quokka bites the vampire bat but does no damage.
Your cerulean imp completely misses the vampire bat.
Unknown command.
The vampire bat bites your quokka.
Unknown command.
The vampire bat completely misses you.
Your quokka closely misses the vampire bat.
Unknown command.
You swap places.
The vampire bat barely misses your cerulean imp.
The vampire bat bites your cerulean imp but does no damage.
Your cerulean imp hits the vampire bat with a -2 spear.
Unknown command.
Casting: Summon Small Mammal (safe; 1% risk of failure)
Confirm with . or Enter, or press ? or * to list all spells.
The vampire bat bites your quokka but does no damage.
Your cerulean imp misses the vampire bat.
Unknown command.
Unknown command.
Your cerulean imp disappears in a puff of smoke!
Your hound closely misses the vampire bat.
The vampire bat bites you.
* * * LOW HITPOINT WARNING * * *
The vampire bat draws strength from your injuries!
Unknown command.
The vampire bat attacks as you move away!
The vampire bat bites you.
* * * LOW HITPOINT WARNING * * *
The vampire bat draws strength from your injuries!
The vampire bat barely misses you. The vampire bat bites you.
You die...

.................
.................
..........#.....
..........#########
##.#####..........#
..................#
##.#####..[.......#
#..†.............#
######......r.b@.#
##.....§..b.#
#..........#
#...[......#
#.#####'h'## ###
##.....##
##.⌠.#.⌠.##
#.#.#.#.#.#
#..#.⌠.#..#


You could see 2 vampire bats, a friendly hound (summoned) and a friendly quokka
(summoned).

Vanquished Creatures
  Jessica (D:3)
  2 adders (D:2)
  A gnoll (D:1)
  2 worms (D:2)
  2 ball pythons (D:1)
  5 bats
  A bat skeleton (D:3)
  3 bat zombies (D:3)
  4 endoplasms
  4 giant cockroaches
  5 goblins
  A hobgoblin (D:2)
  2 quokkas (D:2)
  2 kobolds
  A rat (D:1)
36 creatures vanquished.

Vanquished Creatures (collateral kills)
  A vampire bat (D:3)
  2 adders
  A worm (D:3)
  A bat (D:2)
  2 bat skeletons (D:3)
  5 endoplasms
  4 goblins
  8 hobgoblins
  A kobold (D:3)
  A quokka (D:1)
  A ball python (D:1)
  2 rats (D:1)
29 creatures vanquished.

Grand Total: 65 creatures vanquished

Notes
Turn   | Place    | Note
-------+----------+-------------------------------------------
     0 | D:1      | cdecastro the Merfolk Summoner began the quest for the Orb.
     0 | D:1      | Reached XP level 1. HP: 13/13 MP: 3/3
   213 | D:1      | Reached XP level 2. HP: 19/19 MP: 3/5
   586 | D:1      | Reached XP level 3. HP: 24/24 MP: 4/6
   708 | D:1      | Learned a level 2 spell: Call Imp
   712 | D:1      | Learned a level 3 spell: Call Canine Familiar
   735 | D:1      | Reached skill level 5 in Summonings
  1444 | D:2      | Reached XP level 4. HP: 30/30 MP: 5/7
  1833 | D:2      | Identified the +1 ring mail of Urhiopp {Stlth+}
  2221 | D:2      | Reached skill level 6 in Summonings
  2329 | D:3      | Noticed Jessica
  2335 | D:3      | Killed Jessica
  2336 | D:3      | Reached XP level 5. HP: 35/35 MP: 2/8
  2494 | D:3      | Found a burning altar of Makhleb.
  2494 | D:3      | Found a sacrificial altar of Ru.
  2903 | D:3      | Found an ancient bone altar of Kikubaaqudgha.
  2932 | D:3      | HP: 1/35 [vampire bat (3)]
  2941 | D:3      | HP: 1/35 [vampire bat (1)]
  2941 | D:3      | Slain by a vampire bat

Illustrated notes

Levels and vault maps discovered:
D:1:      heliophobic_arrival_ceremonial_halls, layout_loops_ring
D:2:      wander_river, layout_basic, serial_corexii_hall,
          chequers_hall_statues_corner_a, corexii_hall_statues_t,
          corexii_hall_statues_x, corexii_hall_statues_deadend
D:3:      layout_rooms, kennysheep_vampire_church,
          mainiacjoe_overflow_large_starburst, uniq_jessica

Skill      XL: |  1  2  3  4 |
---------------+-------------+-----
Summonings     | 5 6 |  6.8
Dodging        | |  2.6
Stealth        | |  2.1
Spellcasting   | |  2.0

Action                     |  1- 3 |  4- 6 || total
---------------------------+-------+-------++-------
  Melee: Unarmed           |    89 |       ||    89
         Spear             |    24 |   120 ||   144
         Punch             |       |     2 ||     2
   Cast: Summon Small Mamm |    21 |     1 ||    22
         Call Imp          |     5 |    17 ||    22
         Call Canine Famil |       |     7 ||     7
   Stab: Distracted        |     1 |     1 ||     2
         Sleeping          |     2 |     5 ||     7
 Armour: Robe              |    26 |    82 ||   108
  Dodge: Dodged            |   101 |   147 ||   248
